 Dungeon Crawl Stone Soup version 0.32-a0-871-ge202e49faa (webtiles) character file.

Game seed: 2952565864885903679

32897 Fractals the Warrior (level 14, -2/98 HPs)
             Began as a Kobold Brigand on Mar 28, 2024.
             Was an Elder of Dithmenos.
             Slain by a six-headed hydra (7 damage)
             ... on level 2 of the Lair of Beasts on Mar 29, 2024.
             The game lasted 00:59:20 (19762 turns).

Fractals the Warrior (Kobold Brigand)              Turns: 19762, Time: 00:59:21

Health: -2/98      AC: 16    Str: 12    XL:     14   Next: 5%
Magic:  0/20       EV: 16    Int: 13    God:    Dithmenos [****..]
Gold:   883        SH:  0    Dex: 17    Spells: 13/13 levels left

rFire   . . .        b - +1 morningstar (flame)
rCold   + . .        j - +0 kite shield
rNeg    . . .        H - +3 ring mail {rC+}
rPois   .            n - +0 helmet
rElec   .            c - +1 cloak
rCorr   +            k - +1 pair of gloves
SInv    .            v - +0 pair of boots
Will    +....        o - amulet of guardian spirit
Stlth   +++          F - ring of resist corrosion
HPRegen 0.36/turn    A - +5 ring of evasion
MPRegen 0.17/turn

%: guardian spirit
@: confused, ambrosia-drunk, wreathed by umbra
A: small, no large weapons, nightstalker 3
a: Renounce Religion, Shadow Step


You were on level 2 of the Lair of Beasts.
You worshipped Dithmenos.
Dithmenos was greatly pleased with you.
You visited 3 branches of the dungeon, and saw 15 of its levels.

You collected 922 gold pieces.
You spent 39 gold pieces at shops.

Inventory:

Hand Weapons
 a - a +2 dagger of draining
 b - a +1 morningstar of flaming (weapon)
 q - a +2 broad axe of electrocution
 r - a +4 short sword of electrocution
 C - a +5 short sword of protection
Missiles
 d - 40 poisoned darts (quivered)
 e - 5 curare-tipped darts
 l - 6 atropa-tipped darts
Armour
 c - a +1 cloak (worn)
 j - a +0 kite shield (worn)
 k - a +1 pair of gloves (worn)
 n - a +0 helmet (worn)
 v - a +0 pair of boots (worn)
 H - a +3 ring mail of cold resistance (worn)
Jewellery
 o - an amulet of guardian spirit (around neck)
 A - a +5 ring of evasion (right hand)
 F - a ring of resist corrosion (left hand)
Wands
 y - a wand of warping (4)
Scrolls
 f - 3 scrolls of poison
 h - 2 scrolls of teleportation
 i - 3 scrolls of identify
 p - a scroll of immolation
 u - 2 scrolls of brand weapon
 w - 2 scrolls of revelation
 x - 2 scrolls of fog
 E - 3 scrolls of amnesia
Potions
 g - a potion of curing
 m - 3 potions of magic
 s - 3 potions of ambrosia
 t - a potion of cancellation
 z - 3 potions of enlightenment
 B - 2 potions of lignification
 G - 2 potions of haste


   Skills:
 - Level 15.0 Fighting
 - Level 9.0 Short Blades
 - Level 4.5 Throwing
 - Level 6.0 Armour
 - Level 2.5 Dodging
 + Level 9.0 Stealth
 + Level 10.3 Shields
 - Level 9.0 Invocations


You had 13 spell levels left.
You didn't know any spells.
Your spell library contained the following spells:

 Spells                   Type           Power      Damage    Failure   Level
 Magic Dart               Conj           0%         1d3       86%         1
 Call Imp                 Summ           0%         N/A       94%         2
 Ensorcelled Hibernation  Hex/Ice        0%         N/A       94%         2
 Searing Ray              Conj           0%         2d4       94%         2
 Sublimation of Blood     Necr           0%         N/A       94%         2
 Fugue of the Fallen      Necr           0%         N/A       99%         3
 Inner Flame              Hex/Fire       0%         N/A       99%         3
 Anguish                  Hex/Necr       0%         N/A       100%        4
 Flame Wave               Conj/Fire      0%         2d4       100%        4
 Fulminant Prism          Conj/Alch      0%         3d5       100%        4
 Sticky Flame             Fire/Alch      0%         2d4       100%        4
 Dispersal                Tloc           0%         N/A       100%        6
 Gell's Gavotte           Tloc           0%         2d(11-16) 100%        6
 Manifold Assault         Tloc           0%         N/A       100%        7
 Summon Hydra             Summ           0%         N/A       100%        7
 Disjunction              Tloc           0%         N/A       100%        8


Dungeon Overview and Level Annotations

Branches:
Dungeon (11/15)            Temple (1/1) D:7            Lair (3/5) D:11
 Shoals (0/4) Lair:2        Snake (0/4) Lair:3          Orc (0/2) D:9

Altars:
Ashenzari
Cheibriados
Dithmenos
Elyvilon
Fedhas
Gozag
Hepliaklqana
Kikubaaqudgha
Makhleb
Nemelex Xobeh
Okawaru
Qazlal
Ru
Sif Muna
Trog
Uskayaw
Vehumet
Wu Jian
Xom
Yredelemnul
Zin
The Shining One
Beogh

Shops:
D:5 *

Annotations:
D:10 1 transporter, MadMike78's ghost, novice OpAl


Innate Abilities, Weirdness & Mutations

You are small and have problems with some larger weapons.
You are completely attuned to the shadows.


Message History

The six-headed hydra bites you but does no damage.
The six-headed hydra closely misses you.
You completely miss the six-headed hydra.
The six-headed hydra is severely wounded.
Your shadow hits the six-headed hydra with a morningstar.
The six-headed hydra bites you. The six-headed hydra barely misses you.
You block the six-headed hydra's attack. x2
The six-headed hydra bites you but does no damage.
You block the six-headed hydra's attack.
The six-headed hydra bites you but does no damage. x2
The six-headed hydra closely misses you. x2
The six-headed hydra bites you but does no damage.
The six-headed hydra bites you!
* * * LOW HITPOINT WARNING * * *
Aiming: Warp Space
Press: ? - help, Shift-Dir - straight line Space twists violently!
The rupture engulfs the six-headed hydra!!
The six-headed hydra is almost dead.
You block the six-headed hydra's attack.
The six-headed hydra bites you.
* * * LOW HITPOINT WARNING * * *
The six-headed hydra completely misses you.
You block the six-headed hydra's attack. x2
The six-headed hydra closely misses you.
Unknown command.
You hit the six-headed hydra. You burn the six-headed hydra.
The six-headed hydra is almost dead.
The six-headed hydra completely misses you.
The six-headed hydra misses you. The six-headed hydra bites you!
* * * LOW HITPOINT WARNING * * *
You block the six-headed hydra's attack.
The six-headed hydra bites you!
* * * LOW HITPOINT WARNING * * *
The six-headed hydra bites you but does no damage.
You are confused.
You feel invigorated. The six-headed hydra bites you!
* * * LOW HITPOINT WARNING * * *
The six-headed hydra bites you!
You die...

.....##..........................
..###.........##......#####......
...##...###....#..#..##...##...#.
........####..P......#....#.#....
.........#....P......##.###......
÷.....................#..#.......
......................##..#......
.......#..###.....÷.........##P..
.[....P#.####.#.@>.......P...##..
#..#########P.##D.......##..#####
...# #..........#P.#...P#### #..#
##..................... #..##
#..................... ...P#
#....#...#.##..####... ...##
##...#....P.#..###....# ...#
#...................... ...#
#......................


You could see a six-headed hydra.

Vanquished Creatures
  Josephine (D:11)
  A catoblepas (D:11)
  2 two-headed ogres
  Sonja (D:11)
  5 skeletal warriors (D:11)
  2 manticores (D:11)
  4 elephants
  A black mamba (Lair:2)
  Maggie (D:8)
  An unseen horror (D:10)
  2 cane toads
  A komodo dragon (D:11)
  A rime drake (Lair:1)
  A queen bee (Lair:1)
  4 polar bears
  30 blink frogs
  6 wraiths (D:11)
  40 yaks
  2 wyverns
  An unseen horror simulacrum (D:8)
  3 vampire mosquitoes (D:10)
  A basilisk (Lair:2)
  2 acid dragons
  16 water moccasins
  8 orc warriors
  2 sky beasts
  5 ice beasts
  5 black bears
  2 ogres
  7 wolves
  2 centaurs
  A phantom (D:5)
  3 kobold brigands
  A gnoll sergeant (D:11)
  10 bullfrogs
  8 scorpions
  4 wights (D:7)
  29 killer bees
  4 electric eels (D:8)
  4 howler monkeys
  3 bombardier beetles
  A wyvern simulacrum (D:8)
  4 jellies
  6 orc priests
  5 hounds
  4 sleepcaps
  Jessica (D:2)
  3 iguanas (D:6)
  2 orc wizards
  2 hell rats (Lair:3)
  A centaur simulacrum (D:8)
  A killer bee simulacrum (D:8)
  8 adders
  13 gnolls
  6 river rats (Lair:3)
  A shadow imp (D:7)
  6 white imps
  An ufetubus (D:7)
  4 dart slugs
  62 orcs
  9 endoplasms
  5 giant cockroaches
  6 goblins
  5 hobgoblins
  2 quokkas (D:1)
  10 ball pythons
  11 bats
  6 frilled lizards
  16 kobolds
  5 rats
433 creatures vanquished.

Vanquished Creatures (others)
  A kobold (D:9)
1 creature vanquished.

Grand Total: 434 creatures vanquished

Notes
Turn   | Place    | Note
-------+----------+-------------------------------------------
     0 | D:1      | Fractals the Kobold Brigand began the quest for the Orb.
     0 | D:1      | Reached XP level 1. HP: 12/12 MP: 1/1
   107 | D:1      | Reached XP level 2. HP: 18/18 MP: 2/2
   136 | D:1      | Reached skill level 3 in Fighting
   417 | D:1      | Found a faded altar of an unknown god.
   421 | D:1      | Reached XP level 3. HP: 23/23 MP: 3/3
  1110 | D:2      | Reached skill level 4 in Fighting
  1110 | D:2      | Reached XP level 4. HP: 29/29 MP: 4/4
  1194 | D:2      | Noticed Jessica
  1198 | D:2      | Killed Jessica
  1373 | D:2      | Reached XP level 5. HP: 24/34 MP: 5/5
  1871 | D:3      | Reached skill level 5 in Fighting
  1925 | D:3      | Reached XP level 6. HP: 37/40 MP: 6/6
  1996 | D:3      | Found a snail-covered altar of Cheibriados.
  2963 | D:4      | Noticed an ogre
  2971 | D:4      | Found a hazy altar of Hepliaklqana.
  2990 | D:4      | Killed an ogre
  2991 | D:4      | Reached skill level 6 in Fighting
  2991 | D:4      | Reached XP level 7. HP: 39/46 MP: 7/7
  3041 | D:5      | Entered Level 5 of the Dungeon
  3315 | D:5      | Reached skill level 7 in Fighting
  3962 | D:5      | Reached XP level 8. HP: 53/53 MP: 8/8
  4165 | D:5      | Reached skill level 1 in Armour
  4290 | D:5      | Reached skill level 8 in Fighting
  4387 | D:5      | Found Tetel's General Store.
  4392 | D:5      | Bought a scroll of teleportation for 39 gold pieces
  5002 | D:6      | Noticed a two-headed ogre
  5018 | D:6      | HP: 1/54 [two-headed ogre/+0 giant club (12)]
  5021 | D:6      | Killed a two-headed ogre
  5022 | D:6      | Reached skill level 5 in Armour
  5022 | D:6      | Reached XP level 9. HP: 2/60 MP: 9/9
  5328 | D:6      | Reached skill level 9 in Fighting
  5630 | D:6      | Reached skill level 10 in Fighting
  5704 | D:7      | Found a staircase to the Ecumenical Temple.
  5856 | Temple   | Entered the Ecumenical Temple
  5881 | Temple   | Became a worshipper of Dithmenos the Shadowed
  6086 | D:7      | Reached skill level 1 in Invocations
  6086 | D:7      | Reached XP level 10. HP: 67/68 MP: 10/10
  7380 | D:7      | Reached skill level 5 in Invocations
  7593 | D:7      | Reached skill level 5 in Short Blades
  8200 | D:8      | Reached skill level 11 in Fighting
  8473 | D:8      | Noticed Maggie
  8500 | D:8      | Killed Maggie
  9067 | D:9      | Reached XP level 11. HP: 75/75 MP: 14/14
  9076 | D:9      | Reached * piety under Dithmenos
  9313 | D:9      | Found a roughly hewn altar of Beogh.
  9353 | D:9      | Reached skill level 1 in Shields
  9427 | D:9      | Found a staircase to the Orcish Mines.
 10263 | D:10     | Entered Level 10 of the Dungeon
 10567 | D:10     | Reached ** piety under Dithmenos
 10680 | D:10     | Found a transporter.
 10683 | D:10     | Noticed MadMike78's ghost (novice OpAl)
 10684 | D:10     | Noticed a two-headed ogre
 10687 | D:10     | Noticed a two-headed ogre
 10690 | D:10     | Identified the +4 great mace "Amitoes" {flame, *Slow rF+
                  | Will+ Str+3}
 10690 | D:10     | Noticed a two-headed ogre
 11387 | D:11     | Noticed a manticore
 11410 | D:11     | Noticed Sonja
 11782 | D:11     | Noticed a skeletal warrior
 11783 | D:11     | Noticed a skeletal warrior
 11877 | D:11     | Noticed a catoblepas
 12445 | D:11     | Reached skill level 12 in Fighting
 12495 | D:11     | Reached *** piety under Dithmenos
 12531 | D:11     | Killed a manticore
 12532 | D:11     | Reached skill level 5 in Shields
 12578 | D:11     | Noticed a two-headed ogre
 12705 | D:11     | Noticed a skeletal warrior
 12706 | D:11     | Noticed a skeletal warrior
 12707 | D:11     | Noticed a skeletal warrior
 12720 | D:11     | Upgraded the game from 0.32-a0-868-g153ae1a8d6 to
                  | 0.32-a0-871-ge202e49faa
 12750 | D:11     | Noticed a manticore
 12775 | D:11     | Killed a manticore
 12862 | D:11     | Killed Sonja
 13026 | D:11     | Killed a two-headed ogre
 13209 | D:11     | Reached XP level 12. HP: 82/82 MP: 15/15
 13221 | D:11     | Noticed Josephine
 13248 | D:11     | Killed Josephine
 13435 | D:11     | Found a staircase to the Lair.
 13580 | D:11     | Killed a catoblepas
 14027 | D:11     | Killed a skeletal warrior
 14120 | D:11     | Killed a skeletal warrior
 14927 | D:11     | Killed a skeletal warrior
 15045 | D:11     | Killed a skeletal warrior
 15065 | D:11     | Killed a skeletal warrior
 15375 | Lair:1   | Entered Level 1 of the Lair of Beasts
 16114 | Lair:1   | Reached skill level 13 in Fighting
 16150 | Lair:1   | Reached XP level 13. HP: 66/88 MP: 17/19
 17419 | Lair:1   | Reached skill level 14 in Fighting
 18187 | Lair:2   | Reached **** piety under Dithmenos
 18611 | Lair:2   | Found a staircase to the Shoals.
 18660 | Lair:2   | Reached skill level 10 in Shields
 19523 | Lair:2   | Reached XP level 14. HP: 71/96 MP: 16/20
 19657 | Lair:3   | Found a staircase to the Snake Pit.
 19674 | Lair:3   | Reached skill level 15 in Fighting
 19762 | Lair:2   | Slain by a six-headed hydra

Illustrated notes

Levels and vault maps discovered:
D:1:      matt_arrival_grand_opening, layout_loops_ring,
          shapermc_ecumenical_altar_pompeii, st_stairs_10
D:2:      layout_loops_ring, minmay_box_of_dots, uniq_jessica
D:3:      layout_rooms, cheibriados_altar_1
D:4:      layout_loops_cross, lemuel_tele_altar, hangedman_decor_peaks_small
D:5:      layout_cave_pods, serial_shops, shop, grunt_ministairs_8
D:6:      minmay_octagon_keep, layout_rooms
D:7:      layout_basic, minmay_temple_entry_mist
D:8:      layout_cave_pools, serial_ice, serial_ice_e, serial_ice_i,
          serial_ice_a, serial_ice_m, serial_ice_f, serial_ice_c, serial_ice_d,
          serial_ice_g, serial_ice_h, serial_ice_b, minmay_misc_feat_five,
          uniq_maggie
D:9:      layout_roguey, david_orc_5
D:10:     layout_roguey [special_room_orc], gammafunk_ghost_smash,
          kennysheep_path_1, roderic_batcave, st_stairs_9
D:11:     nzn_motion_control, layout_layer_cave, grunt_lair_entry_orc_guard_hut,
          fungi_pond_lemuel, uniq_sonja, uniq_josephine
Temple:   mainiacjoe_temple_big_plus
Lair:1:   layout_cave_pods, special_room [special_room_bee]
Lair:2:   layout_gridlike, elwin_shoals_entry_rocks, beast_lair_carwin_1
Lair:3:   layout_hall_layers, minmay_snake_entry_six_corridors,
          gammafunk_ghost_arena, serial_rivers, chequers_serial_rivers_small_a,
          chequers_serial_rivers_marsh, chequers_serial_rivers_micro_a,
          chequers_serial_rivers_small_a, nicolae_volcano_entry_s_turn,
          kennysheep_rathole, uniq_nessos

Skill      XL: |  1  2  3  4  5  6  7  8  9 10 11 12 13 14 |
---------------+-------------------------------------------+-----
Short Blades   | 3 4 6 8 9 |  9.0
Fighting       | 3 4 5 6 7 8 10 11 12 13 14 15 | 15.0
Stealth        | 6 7 8 9 |  9.0
Throwing       | 3 4 |  4.5
Dodging        | 2 |  2.5
Armour         | 5 6 |  6.0
Invocations    | 1 5 8 9 |  9.0
Shields        | 6 8 10 | 10.3

Action                     |  1- 3 |  4- 6 |  7- 9 | 10-12 | 13-15 || total
---------------------------+-------+-------+-------+-------+-------++-------
  Melee: Dagger            |    77 |   120 |   314 |   515 |       ||  1026
         Broad axe         |       |       |     9 |       |       ||     9
         Short sword       |       |       |       |   709 |   635 ||  1344
         Morningstar       |       |       |       |       |     8 ||     8
  Throw: Dart              |     2 |    15 |    23 |    44 |     2 ||    86
 Invoke: Shadow Step       |       |       |       |     5 |       ||     5
  Evoke: Wand              |       |       |       |    12 |     1 ||    13
    Use: Scroll            |     2 |     1 |     7 |    18 |     1 ||    29
         Potion            |       |       |     1 |     9 |     1 ||    11
   Stab: Sleeping          |    18 |    25 |    14 |    25 |    19 ||   101
         Distracted        |     1 |       |     1 |     3 |     1 ||     6
 Armour: Robe              |    21 |    32 |    32 |       |       ||    85
         Leather armour    |       |       |    72 |       |       ||    72
         Ring mail         |       |       |    80 |   778 |   298 ||  1156
  Dodge: Dodged            |    42 |    48 |   177 |   903 |   411 ||  1581
  Block: Kite shield       |       |       |       |   176 |   467 ||   643

Table legend: (Time is in decaauts)
 A = Elapsed time spent in this place.
 B = Non-inter-level travel time spent in this place.
 C = Inter-level travel time spent in this place.
 D = Time resting spent in this place.
 E = Time spent auto-exploring this place.
 F = Levels seen in this place.
 G = Mean time per level.
                   A        B        C        D        E       F      G
               +--------+--------+--------+--------+--------+-----+--------+
         Total |  19192 |  18735 |    457 |   5362 |   7677 |  15 | 1279.5 |
       Dungeon |  14964 |  14617 |    347 |   4256 |   5957 |  11 | 1360.4 |
        Temple |     47 |      2 |     45 |      0 |      0 |   1 |   47.0 |
          Lair |   4180 |   4116 |     64 |   1106 |   1720 |   3 | 1393.3 |
               +--------+--------+--------+--------+--------+-----+--------+

Top non-repeatable levels by time:
    D:11: 3965 daAuts
  Lair:1: 2015 daAuts
  Lair:2: 1945 daAuts
     D:7: 1645 daAuts
     D:8: 1483 daAuts
     D:5: 1451 daAuts
     D:9: 1281 daAuts
     D:6: 1004 daAuts
    D:10: 1000 daAuts
     D:4: 924 daAuts
     D:1: 828 daAuts
     D:2: 795 daAuts
     D:3: 582 daAuts
  Lair:3: 219 daAuts
  Temple: 47 daAuts
